 Dungeon Crawl Stone Soup version 0.25.1-2-g60ff931df9 (webtiles) character file.

Game seed: 14058445794300772494

250 ArchParadox the Skirmisher (level 5, -9/42 HPs)
             Began as a Mummy Fighter on Oct 15, 2020.
             Mangled by an ogre
             ... wielding a +0 giant spiked club
              (10 damage)
             ... on level 6 of the Dungeon.
             The game lasted 00:07:57 (2138 turns).

ArchParadox the Skirmisher (Mummy Fighter)          Turns: 2138, Time: 00:07:58

Health: -9/42      AC:  9    Str: 20    XL:     5   Next: 88%
Magic:  5/5        EV:  3    Int:  8    God:
Gold:   128        SH: 13    Dex: 11    Spells: 4/4 levels left

rFire    x . .     SeeInvis .   a - +5 flail (protect)
rCold    + . .     Gourm    .   g - +0 tower shield
rNeg     + + +     Faith    .   q - +0 chain mail
rPois    ∞         Spirit   .   (no helmet)
rElec    .         Reflect  .   (no cloak)
rCorr    .         Harm     .   (no gloves)
MR       .....                  n - +0 pair of boots
Stlth    ..........             (no amulet)
HPRegen  0.14/turn              (no ring)
MPRegen  0.09/turn              (no ring)

@: no status effects
A: no food or potions, fire vulnerability, cold resistance 1, negative energy
resistance 3, torment resistance, unbreathing
a: no special abilities


You were on level 6 of the Dungeon.
You were not hungry.

You visited 1 branch of the dungeon, and saw 5 of its levels.

You collected 128 gold pieces.

Inventory:

Hand Weapons
 a - a +5 flail of protection (weapon)
 e - a +0 whip
 m - a cursed -2 mace
 o - a +0 flail
Missiles
 h - 10 bolts
 r - 6 poisoned darts (quivered)
Armour
 b - a +0 scale mail
 c - a +0 kite shield
 g - a +0 tower shield (worn)
 n - a +0 pair of boots (worn)
 q - a +0 chain mail (worn)
Scrolls
 d - 2 scrolls of identify {unknown}
 f - a scroll of enchant armour {unknown}
 i - a scroll of fog {unknown}
 j - 2 scrolls of teleportation {unknown}
 k - a scroll of remove curse {unknown}
 l - a scroll of noise {unknown}
 p - a scroll of immolation {unknown}


   Skills:
 + Level 4.1 Fighting
 * Level 3.8 Maces & Flails
 - Level 2.4 Armour
 + Level 3.4 Shields


You had 4 spell levels left.
You didn't know any spells.
Your spell library was empty.

Dungeon Overview and Level Annotations

Branches:
Dungeon (4/15)
 Temple: D:4-7

Altars:


Innate Abilities, Weirdness & Mutations

You do not eat or drink.
Your flesh is vulnerable to fire.
You are immune to poison.
Your flesh is cold resistant. (rC+)
You are immune to negative energy. (rN+++)
You are immune to unholy pain and torment.
You can survive without breathing.


Message History

The bullfrog hits you.
The orc wizard gestures at you while chanting.
The puff of flame hits you. The fire burns you terribly!
* * * LOW HITPOINT WARNING * * *
You block the orc priest's attack.
The orc wizard hits you but does no damage.
The orc barely misses you.
There is a stone staircase leading down here.
You can't go up here!
You block the bullfrog's attack. The orc wizard casts a spell at you.
The puff of flame hits you. The fire burns you terribly!
* * * LOW HITPOINT WARNING * * *
The orc priest hits you but does no damage.
The orc wizard mumbles some strange words.
The orc wizard blinks!
The orc wizard points at you and mumbles some strange words.
You block the puff of flame. The orc hits you but does no damage.
The ogre hits you with a +0 giant spiked club!
You die...

##......
#......####
#........##
#.........#
####.........#
#.........###.#
#........####.#
##...oOFo......
#####@oo.......
##o.##......
#...##......
...h.o.##
....o.##
.......#
....... ..##...


You could see a black bear, an ogre, a bullfrog, an orc priest, 3 orc wizards
and 3 orcs.

Vanquished Creatures
  Sigmund (D:2)
  Terence (D:2)
  2 adders
  A worm (D:3)
  2 leopard geckos
  A ball python (D:2)
  8 bats
  4 giant cockroaches
  2 goblins
  7 hobgoblins
  10 jackals
  2 kobolds
  2 frilled lizards
  6 rats
49 creatures vanquished.

Notes
Turn   | Place    | Note
-------+----------+-------------------------------------------
     0 | D:1      | ArchParadox the Mummy Fighter began the quest for the Orb.
     0 | D:1      | Reached XP level 1. HP: 18/18 MP: 1/1
   301 | D:1      | Reached XP level 2. HP: 24/24 MP: 2/2
   799 | D:2      | Reached XP level 3. HP: 29/29 MP: 3/3
  1375 | D:2      | Noticed Terence
  1402 | D:2      | Killed Terence
  1402 | D:2      | Reached XP level 4. HP: 27/36 MP: 4/4
  1763 | D:2      | Noticed Sigmund
  1768 | D:2      | Killed Sigmund
  1768 | D:2      | Reached skill level 4 in Fighting
  1768 | D:2      | Reached XP level 5. HP: 28/42 MP: 5/5
  1983 | D:4      | Noticed an ogre
  2130 | D:3      | You fall into a shaft and drop 3 floors!
  2130 | D:6      | Noticed an ogre
  2135 | D:6      | Noticed a black bear
  2138 | D:6      | HP: 1/42 [orc wizard/puff of flame (6)]
  2138 | D:6      | Mangled by an ogre

Illustrated notes

Levels and vault maps discovered:
D:1:      nicolae_arrival_memento_mori, layout_loops_ring
D:2:      layout_basic, first_ration, uniq_terence, uniq_sigmund
D:3:      layout_rooms, nrook_campfire, uniq_ijyb
D:4:      layout_cave_pods, minmay_misc_feat_columns, grunt_gozag_breadcrumbs
D:6:      layout_cave_pools

Skill      XL: |  1  2  3  4 |
---------------+-------------+-----
Maces & Flails | 2 3 |  3.8
Shields        | 3 |  3.4
Fighting       | 4 |  4.1
Armour         | |  2.4

Action                   |  1- 3 |  4- 6 || total
-------------------------+-------+-------++-------
Melee: Flail             |   139 |    38 ||   177
Armor: Scale mail        |    65 |     4 ||    69
       Chain mail        |       |    12 ||    12
Dodge: Dodged            |    49 |     6 ||    55
Block: Kite shield       |    66 |       ||    66
       Tower shield      |    28 |    39 ||    67
